[Event "Chessity Nationale Pupillendag 2018 - Groep F"]
[Site "Meppel, Netherlands"]
[Date "2018.06.23"]
[Round "7.2"]
[White "Van Batenburg, Mees"]
[Black "Paulzen, Yuko"]
[Result "0-1"]
[TimeControl "15 min + 10 sec"]
[WhiteClock "00:02:58"]
[BlackClock "00:07:19"]
[WhiteElo "962"]
[BlackElo "931"]

1. e4 e5 2. Nf3 Nc6 3. Bc4 Bc5 4.
c3 Nf6 5. d4 Be7 6. dxe5 Nxe4 7. Nbd2 Nxd2 8.
Bxd2 O-O 9. O-O d5 10. exd6 Bxd6 11. Qb3 Rb8 12. Ng5 Qf6 13. Bd5 Bd7 14. Nf3 Bg4 15.
Rae1 Ne5 16. Nxe5 Bxe5 17. Re4 Bf5 18. Rc4 Bd3 19. Re1 Bxc4 20. Qxc4 Bd6 21. Be3 Qe5 22. f4 Qf5 23. Be4 Qe6 24. Bd5 Qd7 25. Bxa7 Ra8 26.
Be3 c6 27. Bf3 b5 28. Qb3 Rfe8 29. c4 Bc5 30. cxb5 Bxe3+ 31. Rxe3 Rxe3 32. Qxe3 g6 33. Qe2 Rxa2 34. bxc6 Qd4+ 35.
Kf1 Ra1+ 36. Qe1 Rxe1+ 37. Kxe1 Qc5 38. g4 Qb4+ 39. Kf1 Qxf4 40. Kg2 Kf8 41. h4 Qd2+ 42. Kg3 Qxb2 43. Kf4 Qb8+ 44.
Ke4 Qd6 45. Ke3 Ke7 46. Ke2 Qf4 47. Kf2 f5 48. gxf5 Qxh4+ 49. Ke3 gxf5 50. Ke2 Qc4+ 51. Kf2 h5 52. Kg3 h4+ 53. Kg2 Ke6 54.
Kh3 Ke5 55. Kg2 Kf4 56. c7 Qxc7 57.
Be2 Qc2 58. Kf1 h3 59. Ba6 h2 60. Bb7 Qb1+ 61. Ke2 Qxb7 62. Kd3 h1=Q 63. Kc3 Qd7 64. Kc2 Qhc6+ 65. Kb3 Qdb7+ 66. Ka3 Qca6# 0-1